cohdb
Replays
Latest Replays
All Replays
Popular Replays
Top Player Replays
Match Explorer
How It Works
Community
CoH3 Stats
Reddit
Sign in to upload your games and track your stats! →
Sign in with Steam
Match 46780569
Unlisted
Match 46780569
Overview
Messages
Build Orders
End
Scout Squad
Selects Airborne Battlegroup
Selects Pathfinders
Construct Weapon Support Center
M1919 Machine Gun Team
Selects Paratrooper Squad Paradrop
Paratrooper Squad Paradrop
Pathfinder Squad
Construct Medical Station
Paratrooper Squad Paradrop
Selects Anti-tank Gun Team Paradrop
Anti-tank Gun Team Paradrop
Mechanized Support Center
Selects Recon Loiter
Selects Supply Drop
Anti-tank Gun Team Paradrop
Construct Tank Depot
M4A1 Sherman Medium Tank
Improvised Armor
Engineer Squad
M4A1 Sherman Medium Tank
POUP
Bubbciss
Elite Unit
buddy Guy
RandyMarsh21
FeedMeHealthRelic
0
0
Comments
sign in to comment!
No comments posted yet!